SR
FRANKLIN FIRE @ QUEBEC CITY BABY BLUES
09/02/2037
 
TOP OF THE 1ST
Franklin Fire batting - Pitching for Quebec City Baby Blues : RHP John Gordon
Pitching: RHP John Gordon
Batting: RHB Tucker Sanford 0-0: Called Strike
0-1: Called Strike
0-2: Ball
1-2: SINGLE (Groundball, 6MD, EV 107.5 MPH)
Batting: RHB Nick McGhee 0-0: Ball
1-0: Foul Ball, location: 2F
1-1: Ball
2-1: Ball
3-1: Called Strike
3-2: Foul Ball, location: 2F
3-2: SINGLE (Line Drive, 6D, EV 98.1 MPH)
Tucker Sanford to second
Batting: LHB Jorge Mateu 0-0: Foul Ball, location: 2F
0-1: Fielders Choice at 2nd, 6-4 (Groundball, 6, EV 80.6 MPH)
Tucker Sanford to third
Batting: LHB Zak Makepeace 0-0: Called Strike
Jorge Mateu steals 2nd base
0-1: Ball
1-1: Ball
2-1: Foul Ball, location: 2F
2-2: Ball
3-2: Foul Ball, location: 2F
3-2: Strikes out looking
Batting: RHB Alejandro González 0-0: Ball
Wild Pitch!
Tucker Sanford scores
Jorge Mateu to third
1-0: Foul Ball, location: 2F
1-1: Called Strike
1-2: Strikes out looking
Top of the 1st over - 1 run, 2 hits, 0 errors, 1 left on base; Franklin 1 - Quebec City 0
BOTTOM OF THE 1ST
Quebec City Baby Blues batting - Pitching for Franklin Fire : RHP Freddy Howe
Pitching: RHP Freddy Howe
Batting: RHB Juan Oleastro 0-0: Called Strike
0-1: Ball
1-1: Fly out, F9 (Flyball, 9S, EV 85.6 MPH)
Batting: RHB Kawenaula Alohalani 0-0: Foul Ball, location: 2F
0-1: Fly out, F8 (Flyball, 8RXD, EV 88.1 MPH)
Batting: RHB Doug Chapman 0-0: SINGLE (Groundball, 3S, EV 94.4 MPH) (infield hit)
Batting: RHB Paul Pitts 0-0: Ball
Wild Pitch!
Doug Chapman to second
1-0: Ball
2-0: Ball
3-0: Base on Balls
Batting: RHB Ji-hyun Yi 0-0: Ball
Passed Ball!
Doug Chapman to third
Paul Pitts to second
1-0: DOUBLE (Line Drive, 3D, EV 94.4 MPH)
Doug Chapman scores
Paul Pitts scores
Batting: RHB Jessie Gibbs 0-0: Ball
1-0: Swinging Strike
1-1: Ball
Passed Ball!
Ji-hyun Yi to third
2-1: Swinging Strike
2-2: Ball
3-2: Base on Balls
Batting: RHB Víctor Montaño 0-0: Called Strike
0-1: Ball
Passed Ball!
Ji-hyun Yi scores
Jessie Gibbs to second
1-1: Ball
2-1: Ball
3-1: Ground out 5-3 (Groundball, 56, EV 85.6 MPH)
Bottom of the 1st over - 3 runs, 2 hits, 0 errors, 1 left on base; Franklin 1 - Quebec City 3
TOP OF THE 2ND
Franklin Fire batting - Pitching for Quebec City Baby Blues : RHP John Gordon
Batting: LHB Bobby Verstraten 0-0: Ball
1-0: Ball
2-0: Ball
3-0: Called Strike
3-1: Foul Ball, location: 2F
3-2: Strikes out swinging
Batting: RHB Alois Malik 0-0: Ball
1-0: Called Strike
1-1: Called Strike
1-2: Strikes out swinging
Batting: SHB Millard Jones 0-0: Ball
1-0: Foul Ball, location: 2F
1-1: Foul Ball, location: 2F
1-2: Strikes out swinging
Top of the 2nd over - 0 runs, 0 hits, 0 errors, 0 left on base; Franklin 1 - Quebec City 3
BOTTOM OF THE 2ND
Quebec City Baby Blues batting - Pitching for Franklin Fire : RHP Freddy Howe
Batting: RHB Avigdor Lieberman 0-0: SINGLE (Line Drive, 7S, EV 106.2 MPH)
Batting: RHB Tim Wright 0-0: SINGLE (Flyball, 78S, EV 93.1 MPH)
Avigdor Lieberman to second
Batting: RHB Juan Oleastro 0-0: Ball
1-0: Called Strike
1-1: Ball
2-1: Called Strike
2-2: Fly out, F9 (Flyball, 9LMF, EV 83.8 MPH)
Batting: RHB Kawenaula Alohalani 0-0: Called Strike
0-1: Foul Ball, location: 2F
0-2: Fly out, F7 (Flyball, 7S, EV 88.1 MPH)
Batting: RHB Doug Chapman 0-0: Ball
1-0: Foul Ball, location: 2F
1-1: Ball
2-1: Swinging Strike
2-2: Ground out 4-3 (Groundball, 4, EV 91.9 MPH)
Bottom of the 2nd over - 0 runs, 2 hits, 0 errors, 2 left on base; Franklin 1 - Quebec City 3
TOP OF THE 3RD
Franklin Fire batting - Pitching for Quebec City Baby Blues : RHP John Gordon
Batting: RHB Dave Delaney 0-0: Ball
1-0: SINGLE (Line Drive, 5D, EV 105.0 MPH)
Batting: RHB Tucker Sanford 0-0: Ball
1-0: Called Strike
1-1: Called Strike
1-2: Strikes out swinging
Dave Delaney steals 2nd base
Batter strikes out.
Batting: RHB Nick McGhee 0-0: Ball
1-0: Foul Ball, location: 2F
1-1: Ball
2-1: Ball
3-1: Base on Balls
Batting: LHB Jorge Mateu 0-0: Ball
1-0: Fly out, F8 (Line Drive, 8LM, EV 100.6 MPH)
Batting: LHB Zak Makepeace 0-0: Ball
1-0: Ball
2-0: Foul Ball, location: 2F
2-1: Foul Ball, location: 2F
2-2: Foul Ball, location: 2F
2-2: SINGLE (Groundball, 56D, EV 99.4 MPH)
Dave Delaney to third
Nick McGhee to second
Runner from 3rd tries for Home, SAFE, throw by LF to home
Batting: RHB Alejandro González 0-0: Foul Ball, location: 2F
0-1: Ball
1-1: Fly out, F7 (Flyball, 78M, EV 88.8 MPH)
Top of the 3rd over - 1 run, 2 hits, 0 errors, 2 left on base; Franklin 2 - Quebec City 3
BOTTOM OF THE 3RD
Quebec City Baby Blues batting - Pitching for Franklin Fire : RHP Freddy Howe
Batting: RHB Paul Pitts 0-0: Called Strike
0-1: Ball
1-1: Foul Ball, location: 2F
1-2: Ground out 6-3 (Groundball, 6, EV 83.1 MPH)
Batting: RHB Ji-hyun Yi 0-0: Called Strike
0-1: Ball
1-1: Ball
2-1: Fly out, F9 (Flyball, 89S, EV 86.2 MPH)
Batting: RHB Jessie Gibbs 0-0: Called Strike
0-1: Foul Ball, location: 2F
0-2: Foul Ball, location: 2F
0-2: Fly out, F8 (Flyball, 8LD, EV 85.6 MPH)
Bottom of the 3rd over - 0 runs, 0 hits, 0 errors, 0 left on base; Franklin 2 - Quebec City 3
TOP OF THE 4TH
Franklin Fire batting - Pitching for Quebec City Baby Blues : RHP John Gordon
Batting: LHB Bobby Verstraten 0-0: Foul Ball, location: 2F
0-1: Ball
1-1: Ball
2-1: Swinging Strike
2-2: Ball
3-2: Strikes out looking
Batting: RHB Alois Malik 0-0: Called Strike
0-1: Foul Ball, location: 2F
0-2: Strikes out swinging
Batting: SHB Millard Jones 0-0: Called Strike
0-1: Swinging Strike
0-2: Ball
1-2: Strikes out looking
Top of the 4th over - 0 runs, 0 hits, 0 errors, 0 left on base; Franklin 2 - Quebec City 3
BOTTOM OF THE 4TH
Quebec City Baby Blues batting - Pitching for Franklin Fire : RHP Freddy Howe
Batting: RHB Víctor Montaño 0-0: Ball
1-0: Foul Ball, location: 2F
1-1: Swinging Strike
1-2: Foul Ball, location: 2F
1-2: Ball
2-2: Foul Ball, location: 2F
2-2: Strikes out swinging
Batting: RHB Avigdor Lieberman 0-0: Ball
1-0: Foul Ball, location: 2F
1-1: Ground out 4-3 (Groundball, 4, EV 106.9 MPH)
Batting: RHB Tim Wright 0-0: Foul Ball, location: 2F
0-1: Foul Ball, location: 2F
0-2: Ball
1-2: Ball
2-2: Ball
3-2: Foul Ball, location: 2F
3-2: Foul Ball, location: 2F
3-2: Base on Balls
Batting: RHB Juan Oleastro 0-0: Ball
1-0: SINGLE (Line Drive, 8LS, EV 91.9 MPH)
Tim Wright to second
Batting: RHB Kawenaula Alohalani 0-0: Called Strike
0-1: Foul Ball, location: 2F
0-2: Fielders Choice at 2nd, 6-4 (Groundball, 6, EV 85.0 MPH)
Bottom of the 4th over - 0 runs, 1 hit, 0 errors, 2 left on base; Franklin 2 - Quebec City 3
TOP OF THE 5TH
Franklin Fire batting - Pitching for Quebec City Baby Blues : RHP John Gordon
Batting: RHB Dave Delaney 0-0: Called Strike
0-1: SINGLE (Groundball, 34D, EV 107.5 MPH)
Batting: RHB Tucker Sanford 0-0: Ball
1-0: Foul Ball, location: 2F
1-1: Called Strike
Dave Delaney steals 2nd base
1-2: SINGLE (Flyball, 7S, EV 90.6 MPH)
Dave Delaney to third
Batting: RHB Nick McGhee 0-0: Foul Ball, location: 2F
0-1: Foul Ball, location: 2F
0-2: Foul Ball, location: 2F
0-2: Strikes out swinging
Batting: LHB Jorge Mateu 0-0: Ball
1-0: Foul Ball, location: 2F
1-1: Swinging Strike
1-2: Strikes out swinging
Pitching: LHP Mark Taylor
Batting: LHB Zak Makepeace 0-0: Swinging Strike
0-1: Ball
1-1: Ball
2-1: Ball
3-1: Base on Balls
Tucker Sanford to second
Batting: RHB Alejandro González 0-0: Swinging Strike
0-1: Foul Ball, location: 2F
0-2: Ball
1-2: Ball
2-2: Strikes out swinging
Top of the 5th over - 0 runs, 2 hits, 0 errors, 3 left on base; Franklin 2 - Quebec City 3
BOTTOM OF THE 5TH
Quebec City Baby Blues batting - Pitching for Franklin Fire : RHP Freddy Howe
Batting: RHB Doug Chapman 0-0: Called Strike
0-1: Ball
1-1: SINGLE (Groundball, 4D, EV 106.9 MPH)
Batting: RHB Paul Pitts Pickoff Throw to First - Error! E1
Doug Chapman to second
0-0: Ball
1-0: Ball
2-0: Ball
Wild Pitch!
Doug Chapman to third
3-0: Base on Balls
Batting: RHB Ji-hyun Yi 0-0: Ball
1-0: Fly out, F9 (Flyball, 9LS, EV 83.1 MPH)
Batting: RHB Jessie Gibbs Pickoff Throw to First - Error! E1
Doug Chapman scores
Paul Pitts to second
0-0: Ball
1-0: Ball
Wild Pitch!
Paul Pitts to third
2-0: Ball
3-0: Called Strike
3-1: Swinging Strike
3-2: Base on Balls
Batting: RHB Víctor Montaño 0-0: Ball
1-0: Ground out 5-3 (Groundball, 56, EV 86.2 MPH)
Jessie Gibbs to second
Batting: RHB Avigdor Lieberman 0-0: Ball
1-0: Foul Ball, location: 2F
1-1: Ground out 1-3 (Groundball, P, EV 62.5 MPH)
Bottom of the 5th over - 1 run, 1 hit, 2 errors, 2 left on base; Franklin 2 - Quebec City 4
TOP OF THE 6TH
Franklin Fire batting - Pitching for Quebec City Baby Blues : LHP Mark Taylor
Batting: LHB Bobby Verstraten 0-0: Called Strike
0-1: Called Strike
0-2: Strikes out looking
Batting: RHB Alois Malik 0-0: Swinging Strike
0-1: Foul Ball, location: 2F
0-2: Strikes out swinging
Batting: SHB Millard Jones 0-0: Ball
1-0: Called Strike
1-1: Ground out 6-3 (Groundball, 6, EV 104.4 MPH)
Top of the 6th over - 0 runs, 0 hits, 0 errors, 0 left on base; Franklin 2 - Quebec City 4
BOTTOM OF THE 6TH
Quebec City Baby Blues batting - Pitching for Franklin Fire : RHP Freddy Howe
Batting: RHB Tim Wright 0-0: Foul Ball, location: 2F
0-1: Ball
1-1: Swinging Strike
1-2: Fly out, F8 (Line Drive, 8RD, EV 95.6 MPH)
Batting: RHB Juan Oleastro 0-0: Ball
1-0: SINGLE (Line Drive, 6M, EV 102.5 MPH)
Batting: RHB Kawenaula Alohalani 0-0: Ball
1-0: Foul Ball, location: 2F
1-1: Foul Ball, location: 2F
1-2: Foul Ball, location: 2F
1-2: Foul Ball, location: 2F
1-2: Strikes out looking
Batting: RHB Doug Chapman 0-0: Ball
1-0: Called Strike
1-1: Foul Ball, location: 2F
1-2: Foul Ball, location: 2F
1-2: Foul Ball, location: 2F
1-2: Fly out, F8 (Flyball, 78XD, EV 106.9 MPH)
Bottom of the 6th over - 0 runs, 1 hit, 0 errors, 1 left on base; Franklin 2 - Quebec City 4
TOP OF THE 7TH
Franklin Fire batting - Pitching for Quebec City Baby Blues : LHP Mark Taylor
Batting: RHB Dave Delaney 0-0: Called Strike
0-1: Ball
1-1: Foul Ball, location: 2F
1-2: Ball
2-2: Ball
3-2: Ground out 6-3 (Groundball, 6, EV 102.5 MPH)
Batting: RHB Tucker Sanford 0-0: Ball
1-0: Fly out, F7 (Flyball, 7S, EV 89.4 MPH)
Batting: RHB Nick McGhee 0-0: Ball
1-0: DOUBLE (Flyball, 8RXD, EV 111.2 MPH)
Batting: LHB Jorge Mateu 0-0: Ground out 6-3 (Groundball, 6, EV 99.4 MPH)
Top of the 7th over - 0 runs, 1 hit, 0 errors, 1 left on base; Franklin 2 - Quebec City 4
BOTTOM OF THE 7TH
Quebec City Baby Blues batting - Pitching for Franklin Fire : RHP Freddy Howe
Batting: RHB Paul Pitts 0-0: Called Strike
0-1: Ball
1-1: Foul Ball, location: 2F
1-2: Ball
2-2: Foul Ball, location: 2F
2-2: Ball
3-2: Base on Balls
Batting: RHB Ji-hyun Yi 0-0: Foul Ball, location: 2F
0-1: Called Strike
0-2: Ball
1-2: Foul Ball, location: 2F
1-2: Strikes out swinging
Batting: RHB Jessie Gibbs 0-0: Ball
1-0: Foul Ball, location: 2F
1-1: Ball
Wild Pitch!
Paul Pitts to second
2-1: Intentional Walk
Batting: RHB Víctor Montaño 0-0: Ball
1-0: Ball
2-0: Ball
3-0: Base on Balls
Paul Pitts to third
Jessie Gibbs to second
Batting: RHB Avigdor Lieberman 0-0: Called Strike
0-1: Ball
1-1: Swinging Strike
1-2: Ball
2-2: Foul Ball, location: 2F
2-2: Ball
3-2: DOUBLE (Flyball, 78D, EV 93.1 MPH)
Paul Pitts scores
Jessie Gibbs scores
Víctor Montaño to third
Batting: RHB Tim Wright 0-0: Ball
1-0: Ground out 1-3 (Groundball, 23, EV 83.8 MPH)
Batting: RHB Juan Oleastro 0-0: Ball
1-0: Ball
2-0: Ground out 5-3 (Groundball, 56S, EV 66.2 MPH)
Bottom of the 7th over - 2 runs, 1 hit, 0 errors, 2 left on base; Franklin 2 - Quebec City 6
TOP OF THE 8TH
Franklin Fire batting - Pitching for Quebec City Baby Blues : LHP Mark Taylor
Batting: LHB Zak Makepeace 0-0: SINGLE (Line Drive, 9S, EV 99.4 MPH)
Batting: RHB Alejandro González 0-0: Swinging Strike
0-1: Fly out, F9 (Flyball, 89S, EV 86.9 MPH)
Batting: LHB Bobby Verstraten 0-0: Ball
1-0: Fly out, F8 (Flyball, 8LD, EV 100.6 MPH)
Batting: RHB Alois Malik 0-0: Ball
1-0: Ball
2-0: Foul Ball, location: 2F
2-1: Ball
3-1: SINGLE (Groundball, 6, EV 109.4 MPH) (infield hit)
Zak Makepeace to second
Batting: SHB Millard Jones 0-0: Ball
1-0: SINGLE (Flyball, 7LS, EV 86.2 MPH)
Zak Makepeace to third
Alois Malik to second
Runner from 3rd tries for Home, SAFE, throw by LF to home
Batting: RHB Dave Delaney 0-0: Ball
1-0: Ground out 6-3 (Groundball, 6, EV 92.5 MPH)
Top of the 8th over - 1 run, 3 hits, 0 errors, 2 left on base; Franklin 3 - Quebec City 6
BOTTOM OF THE 8TH
Quebec City Baby Blues batting - Pitching for Franklin Fire : RHP Freddy Howe
Batting: RHB Kawenaula Alohalani 0-0: Ball
1-0: Ball
2-0: Ball
3-0: Called Strike
3-1: Foul Ball, location: 2F
3-2: Fly out, F8 (Flyball, 8RS, EV 94.4 MPH)
Batting: RHB Doug Chapman 0-0: Ball
1-0: Ball
2-0: Ball
3-0: Base on Balls
Batting: RHB Paul Pitts 0-0: Fly out, F9 (Flyball, 89M, EV 83.8 MPH)
Batting: RHB Ji-hyun Yi 0-0: Called Strike
0-1: Ball
1-1: Swinging Strike
1-2: Foul Ball, location: 2F
1-2: Ball
2-2: Fly out, F8 (Flyball, 8LXD, EV 91.2 MPH)
Bottom of the 8th over - 0 runs, 0 hits, 0 errors, 1 left on base; Franklin 3 - Quebec City 6
TOP OF THE 9TH
Franklin Fire batting - Pitching for Quebec City Baby Blues : LHP Mark Taylor
Pitching: LHP Mike Park
Batting: RHB Tucker Sanford 0-0: Ball
1-0: Ball
2-0: Fly out, F9 (Line Drive, 9D, EV 88.1 MPH)
Batting: RHB Nick McGhee 0-0: Ball
1-0: Swinging Strike
1-1: Called Strike
1-2: Ball
2-2: Ball
3-2: TRIPLE (Line Drive, 8LD, EV 107.5 MPH)
Batting: LHB Jorge Mateu 0-0: Ball
1-0: Ball
2-0: Ball
3-0: Base on Balls
Pinch Hitting: RHB Andrew Kuwuki 0-0: Called Strike
0-1: Swinging Strike
0-2: Foul Ball, location: 2F
0-2: Ball
1-2: Ball
2-2: Foul Ball, location: 2F
2-2: Ball
3-2: Base on Balls
Jorge Mateu to second
Batting: RHB Alejandro González 0-0: Ball
1-0: Ball
2-0: Swinging Strike
2-1: Foul Ball, location: 2F
2-2: Ball
3-2: Fielders Choice at 2nd, 4-6 (Groundball, 4, EV 92.5 MPH)
Nick McGhee scores
Jorge Mateu to third
Pinch Hitting: RHB Aubrey Swanson 0-0: Ball
1-0: Foul Ball, location: 2F
1-1: Foul Ball, location: 2F
1-2: Strikes out swinging
Top of the 9th over - 1 run, 1 hit, 0 errors, 2 left on base; Franklin 4 - Quebec City 6
Thursday, January 23rd, 2020 - OOTP Baseball 20.8 Build 74